details: 'Drop Hacker's Win'

« prev index next »

General information

Mini Map

Players

team 1
Random» OrcSnowman (teal | 23 APM | 16 actions | 00:42)

» actions
Build / train4
Enter build submenu2
Right click3
Select / deselect5
Use ability2
16 total
» units
Peon4
4 total
» buildings
Altar of Storms1
Orc Burrow1
2 total
» build order
00:22 Altar of Storms
00:38 Orc Burrow
UndeadGerees_Dk (blue | 38 APM | 24 actions | 00:37)

» actions
Build / train3
ESC pressed2
Enter build submenu4
Right click5
Select / deselect5
Use ability5
24 total
» units
Acolyte3
3 total
» buildings
Altar of Darkness1
Crypt1
Ziggurat1
3 total
» build order
00:12 Altar of Darkness
00:18 Crypt
00:20 Ziggurat
NightElfDiamondvenom (red | 25 APM | 18 actions | 00:42)

» actions
Basic commands1
Build / train2
Enter build submenu2
Right click3
Select / deselect9
Use ability1
18 total
» units
Wisp2
2 total
» buildings
Moon Well1
1 total
» build order
00:27 Moon Well
Random» aced (yellow | 40 APM | 66 actions | 01:39)

» actions
ESC pressed1
Enter build submenu1
Right click35
Select / deselect16
Use ability13
66 total
» buildings
Altar of Elders1
1 total
» build order
00:08 Altar of Elders
team 2
Orcyouknowwhat (green | 81 APM | 134 actions | 01:39)

» actions
Build / train11
Enter build submenu6
Right click32
Select / deselect23
Use ability62
134 total
» units
Peon7
Peasant4
11 total
» buildings
Farm1
Orc Burrow1
Altar of Storms1
3 total
» build order
00:19 Farm
01:05 Orc Burrow
01:35 Altar of Storms
Random» Orc99-Proof (pink | 48 APM | 80 actions | 01:39)

» actions
Build / train2
Enter build submenu5
Right click54
Select / deselect15
Use ability4
80 total
» units
Peon1
1 total
» buildings
Orc Burrow2
Altar of Storms1
Barracks1
4 total
» build order
00:19 Orc Burrow
00:26 Altar of Storms
01:27 Barracks
01:37 Orc Burrow
HumanRemo (orange | 0 APM | 0 actions | 00:02)
UndeadMomoiroOmnio (purple | 46 APM | 80 actions | 01:43)

» actions
Basic commands18
ESC pressed2
Right click8
Select / deselect17
Use ability35
80 total

Chat log

(00:04 / All) MomoiroOmnio: hi Snowman
(00:07 / All) MomoiroOmnio: free win for you
(00:08 / Allies) 99-Proof: pigshit
(00:09 / All) Snowman: gimme win :)
(00:16 / All) Snowman: i lost my account
(00:24 / All) aced: FUCK U
(00:36 / All) aced: I WIL REPORT UR ASS BITCH
(00:42 / All) MomoiroOmnio: LIOL
(00:52 / All) MomoiroOmnio: oh my
(00:55 / All) MomoiroOmnio: what the heck?!
(00:59 / All) MomoiroOmnio: drop hack!
(01:25 / All) aced: GIMME WIN